 Dungeon Crawl Stone Soup version 0.31-a0-654-gbe3e110b4e (webtiles) character file.

Game seed: 13891287167739821336

72 Maratek the Trooper (level 4, -1/35 HPs)
             Began as a Demonspawn Fighter on Aug 29, 2023.
             Succumbed to an adder's poison
             ... on level 3 of the Dungeon.
             The game lasted 00:02:09 (1463 turns).

Maratek the Trooper (Demonspawn Fighter)            Turns: 1463, Time: 00:02:09

Health: -1/35      AC:  6    Str: 18    XL:     4   Next: 6%
Magic:  4/4        EV:  9    Int:  9    God:
Gold:   186        SH:  4    Dex: 13    Spells: 3/3 levels left

rFire   . . .        a - +0 war axe
rCold   . . .        c - +0 buckler
rNeg    . . .        b - +0 scale mail
rPois   .            (no helmet)
rElec   .            (no cloak)
rCorr   .            (no gloves)
SInv    .            (no boots)
Will    .....        (no amulet) Stlth
                     (no ring)
HPRegen 1.25/turn    (no ring)
MPRegen 0.09/turn

%: no passive effects
@: lethally poisoned (-1 -> -5)
A: powered by death 1
a: no special abilities


You were on level 3 of the Dungeon.
You visited 1 branch of the dungeon, and saw 3 of its levels.

You collected 186 gold pieces.

Inventory:

Hand Weapons
 a - a +0 war axe (weapon)
Armour
 b - a +0 scale mail (worn)
 c - a +0 buckler (worn)
Scrolls
 g - a scroll of immolation {unknown}
 h - a scroll of butterflies {unknown}
 i - a scroll of identify {unknown}
 l - a scroll of amnesia {unknown}
 m - a scroll of vulnerability {unknown}
 n - a scroll of acquirement {unknown}
 o - a scroll of teleportation {unknown}
Potions
 d - a potion of might
 e - a potion of invisibility {unknown}
 f - a potion of magic {unknown}
 j - a potion of resistance {unknown}
 k - a potion of ambrosia {unknown}


   Skills:
 + Level 3.3 Fighting
 + Level 2.9 Axes
 + Level 3.1 Armour
 + Level 3.1 Shields


You had 3 spell levels left.
You didn't know any spells.
Your spell library contained the following spells:

 Spells                   Type           Power      Damage    Failure   Level
 Magic Dart               Conj           0%         1d3       85%         1
 Call Imp                 Summ           0%         N/A       94%         2
 Ensorcelled Hibernation  Hex/Ice        0%         N/A       94%         2
 Passwall                 Tmut/Erth      0%         N/A       94%         2
 Sublimation of Blood     Necr           0%         N/A       94%         2
 Wereblood                Tmut           0%         N/A       94%         2
 Mephitic Cloud           Conj/Pois/Air  0%         N/A       99%         3
 Swiftness                Air            0%         N/A       99%         3
 Summon Hydra             Summ           0%         N/A       100%        7


Dungeon Overview and Level Annotations

Branches:
Dungeon (3/15)

Altars:

Shops:
D:1 *[


Innate Abilities, Weirdness & Mutations

You regenerate a little health from kills.


Message History

You feel sick. You block the adder's attack.
The adder bites you but does no damage.
You barely miss the adder.
The adder is lightly wounded.
You feel sick. The adder closely misses you.
You barely miss the adder.
The adder is lightly wounded.
You feel sick. The adder closely misses you.
The adder bites you but does no damage.
You closely miss the adder.
The adder is lightly wounded.
You feel sick.
You are no longer poisoned.
The adder bites you but does no damage. x2
You slash the adder!
The adder is almost dead.
The adder closely misses you. The adder bites you.
* * * LOW HITPOINT WARNING * * *
You are poisoned.
The adder poisons you!
You barely miss the adder.
The adder is severely wounded.
You feel sick. The adder bites you but does no damage.
You closely miss the adder.
The adder is severely wounded.
You feel sick. The adder bites you.
* * * LOW HITPOINT WARNING * * *
You are lethally poisoned!
The adder poisons you! The adder bites you but does no damage.
You miss the adder.
The adder is severely wounded.
* * * LOW HITPOINT WARNING * * *
You feel very sick. The adder bites you.
* * * LOW HITPOINT WARNING * * *
You are more poisoned.
The adder poisons you! You block the adder's attack.
You hit the adder.
You kill the adder!
You die...

..# #....######.#.. .
..#####.#..######.###
........#.........#
...†....#.........####
#...#..##.............
##..#..##..###.###.##.
#..##.......#.##
#######...#....##
##..##.#.@#
...##.##.†.# .. ....
....# ##.##..... #.
.....#. #. ...... ..
.#>#... . .. ...#..


There were no monsters in sight!

Vanquished Creatures
  4 adders
  A worm (D:2)
  2 dart slugs (D:1)
  4 orcs (D:3)
  5 bats
  3 endoplasms
  A giant cockroach (D:2)
  A goblin (D:2)
  2 hobgoblins (D:1)
  2 quokkas
  3 ball pythons
  3 frilled lizards
  2 kobolds (D:1)
  3 rats
36 creatures vanquished.

Notes
Turn   | Place    | Note
-------+----------+-------------------------------------------
     0 | D:1      | Maratek the Demonspawn Fighter began the quest for the Orb.
     0 | D:1      | Reached XP level 1. HP: 18/18 MP: 1/1
   133 | D:1      | Found Orutaun's Armour Shoppe.
   150 | D:1      | Found Ceicwyn's General Store.
   392 | D:1      | Gained mutation: You regenerate a little health from kills.
                  | [demonic ancestry]
   392 | D:1      | Reached XP level 2. HP: 24/24 MP: 2/2
   880 | D:2      | Reached XP level 3. HP: 29/29 MP: 3/3
  1346 | D:3      | Reached XP level 4. HP: 28/35 MP: 4/4
  1462 | D:3      | HP: 1/35 [adder (1)]
  1463 | D:3      | Succumbed to an adder's poison

Illustrated notes

Levels and vault maps discovered:
D:1:      spicycebolla_arrival_ecumenical, layout_basic, serial_shops,
          shop_fountains, nicolae_shop_behind_doors
D:2:      layout_basic
D:3:      layout_rooms, grunt_temple_overflow_holy_war,
          nicolae_sif_muna_little_library, uniq_ijyb

Skill      XL: |  1  2  3 |
---------------+----------+-----
Axes           | 2 |  2.9
Shields        | 3 |  3.1
Armour         | 3 |  3.1
Fighting       | |  3.3

Action                     |  1- 3 |  4- 6 || total
---------------------------+-------+-------++-------
  Melee: War axe           |   130 |    19 ||   149
 Armour: Scale mail        |    66 |    10 ||    76
  Dodge: Dodged            |    57 |    11 ||    68
  Block: Buckler           |    25 |     4 ||    29

Table legend: (Time is in decaauts)
 A = Elapsed time spent in this place.
 B = Non-inter-level travel time spent in this place.
 C = Inter-level travel time spent in this place.
 D = Time resting spent in this place.
 E = Time spent auto-exploring this place.
 F = Levels seen in this place.
 G = Mean time per level.
                   A        B        C        D        E       F      G
               +--------+--------+--------+--------+--------+-----+--------+
         Total |   1524 |   1487 |     37 |      0 |   1144 |   3 |  508.0 |
       Dungeon |   1524 |   1487 |     37 |      0 |   1144 |   3 |  508.0 |
               +--------+--------+--------+--------+--------+-----+--------+

Top non-repeatable levels by time:
     D:1: 735 daAuts
     D:2: 570 daAuts
     D:3: 218 daAuts
